Map: Terrasses de Prion

Players

Worming

  • Race: Zerg Zerg
  • League: Diamond

StillLearnin - Winner!

  • Race: Protoss Protoss
  • League: Platinum

VOD

Have the link to the VOD?

Description

Time

  • Played on: Nov. 14, 2015, 4:30 p.m.
  • Length: 19:00
Show
View Real Time Build Order
Export as new Build Order

Worming Zerg 

Build Orders: Hatch First, Lurkers 

Get SALT Encoding   

  12  0:01  Drone  
  13  0:12  Overlord  
  13  0:17  Drone  
  14  0:30  Drone  
  14  0:31  Drone  
  16  0:38  Drone  
  17  0:45  Drone  
  18  0:57  Hatchery  
  17  1:07  Spawning Pool  
  17  1:10  Drone  
  17  1:19  Drone  
  19  1:25  Drone  
  19  1:29  Extractor  
  18  1:33  Overlord  
  18  1:47  Drone  
  19  1:52  Drone  
  20  1:54  Queen  
  22  2:02  Drone  
  23  2:08  Queen  
  23  2:10  Zergling x2  
  23  2:11  Zergling x2  
  27  2:20  Drone  
  28  2:28  Drone  
  29  2:34  Metabolic Boost  
  29  2:40  Hatchery  
  29  2:43  Drone x2  
  31  2:44  Drone  
  31  2:50  Overlord  
  31  3:09  Drone x5  
  31  3:10  Drone  
  36  3:32  Drone x6  
  42  3:37  Extractor  
  40  3:44  Drone x3  
  40  3:45  Overlord x2  
  43  3:51  Queen  
  47  3:57  Drone  
  47  3:58  Drone  
  49  4:08  Zergling x2, Extractor  
  49  4:09  Zergling x6  
  52  4:12  Lair  
  52  4:13  Queen  
  52  4:16  Drone  
  52  4:17  Drone  
  54  4:18  Drone  
  55  4:34  Drone x4  
  55  4:35  Drone x3  
  58  4:48  Queen  
  58  4:50  Roach Warren  
  56  4:57  Drone  
  56  4:58  Drone x7  
  62  5:08  Drone x3  
  62  5:09  Evolution Chamber  
  62  5:10  Drone, Evolution Chamber, Extractor  
  63  5:15  Extractor x2  
  63  5:17  Spine Crawler  
  63  5:19  Overlord x3  
  63  5:20  Zergling x2  
  63  5:21  Zergling x4  
  63  5:29  Glial Reconstitution  
  63  5:31  Roach  
  63  5:33  Overlord x3  
  65  5:40  Overlord  
  65  5:41  Roach  
  65  5:42  Zerg Missile Weapons Level 1, Zerg Ground Armor Level 1  
  67  5:44  Drone x2  
  67  5:45  Drone  
  67  5:47  Drone x2  
  72  5:58  Roach  
  72  5:59  Roach x5  
  72  6:01  Overseer  
  84  6:05  Hydralisk Den  
  84  6:06  Drone  
  84  6:07  Drone  
  85  6:12  Drone  
  83  6:22  Roach  
  83  6:23  Roach x3  
  91  6:34  Roach x8  
  91  6:36  Lurker Den  
  91  6:38  Overseer  
  91  6:39  Pneumatized Carapace  
  107  6:46  Hydralisk x4  
  107  6:48  Zergling x2  
  107  6:52  Overlord  
  107  6:53  Overlord x2  
  114  7:07  Overlord  
  114  7:13  Hydralisk  
  114  7:14  Hydralisk x5  
  126  7:15  Hatchery  
  126  7:20  Ravager x2  
  126  7:22  Zergling x2  
  128  7:23  Zergling x12  
  128  7:27  Drone  
  128  7:28  Drone x2  
  137  7:32  Drone  
  135  7:46  Overlord x2  
  135  7:47  Drone x3  
  138  7:53  Zergling x4  
  138  7:54  Overlord x2  
  140  8:02  Lurker x6  
  146  8:07  Zergling x2  
  146  8:08  Zergling x20  
  146  8:10  Zerg Missile Weapons Level 2  
  158  8:20  Zergling x2  
  158  8:21  Overlord  
  110  9:15  Hydralisk x2  
  110  9:16  Roach x5, Hydralisk x5  
  125  9:17  Zergling x8, Roach x2  
  125  9:23  Spore Crawler  
  128  9:27  Spore Crawler x2  
  128  9:29  Spore Crawler x2  
  113  9:47  Lair  
  113  9:50  Hatchery  
  113  9:52  Lurker  
  107  9:53  Lurker x3  
  107  9:55  Zergling x12  
  116  10:07  Spine Crawler  
  116  10:12  Extractor  
  116  10:13  Spine Crawler  
  112  10:14  Extractor  
  110  10:22  Drone x3  
  110  10:23  Drone x3  
  116  10:34  Hydralisk x2  
  116  10:35  Hydralisk  
  119  10:40  Zergling x2  
  118  11:00  Evolution Chamber  
  118  11:01  Evolution Chamber  
  116  11:07  Spire  
  115  11:17  Zergling x2  
  116  11:18  Zergling x2  
  116  11:22  Zergling x2  
  116  11:23  Roach x4  
  126  11:26  Zerg Ground Armor Level 2  
  126  11:33  Infestation Pit  
  122  12:00  Overlord  
  122  12:01  Overlord  
  122  12:21  Hydralisk  
  122  12:22  Roach x3, Hydralisk x3  
  136  12:23  Zergling x6, Roach  
  141  12:32  Zerg Flyer Weapons Level 1  
  141  12:33  Overlord  
  132  12:40  Hatchery  
  128  12:44  Mutalisk  
  128  12:45  Mutalisk x4  
  138  12:54  Lurker  
  138  12:55  Lurker x6  
  138  12:57  Zergling x6  
  144  13:29  Hatchery  
  144  13:30  Hydralisk  
  144  13:31  Hydralisk x7  
  159  13:35  Lair  
  159  13:42  Ravager x4  
  159  13:43  Zergling x6  
  159  13:44  Zergling x2  
  121  13:56  Extractor  
  121  14:01  Extractor  
  113  14:13  Zergling x2  
  113  14:14  Zergling x18  
  121  14:22  Drone x2  
  121  14:23  Queen x2  
  127  14:34  Hive  
  127  14:35  Roach x2  
  127  14:36  Roach  
  133  14:41  Overlord  
  127  14:48  Hatchery  
  124  14:56  Roach  
  124  14:57  Zergling x8, Roach x4  
  118  15:10  Zergling x4, Roach x3  
  118  15:11  Zergling x4, Roach x2  
  132  15:23  Roach  
  132  15:24  Zergling x4, Roach x2  
  109  16:13  Hydralisk  
  109  16:14  Roach x3, Hydralisk x3  
  109  16:15  Roach x2  
  120  16:26  Hydralisk x2  
  120  16:27  Roach x3, Hydralisk x3  
  120  16:28  Roach x3  
  120  16:30  Lurker  
  143  16:33  Corruptor x3, Greater Spire  
  143  16:34  Zergling x2  
  143  16:35  Zergling x10  
  129  16:49  Lurker x2  
  128  16:55  Lurker  
  128  16:56  Roach, Hydralisk x3  
  128  16:57  Zergling x6, Roach x2  
  138  17:05  Lurker  
  139  17:09  Mutalisk x2  
  139  17:10  Mutalisk  
  139  17:13  Drone x3  
  148  17:18  Hydralisk x2  
  148  17:19  Roach x3  
  158  17:33  Zergling x6, Roach x2  
  158  17:34  Roach  
  149  18:01  Brood Lord x3  
  93  18:20  Roach  
  93  18:21  Roach x11  
  109  18:29  Overseer  
  109  18:34  Hydralisk x4  
Show
View Real Time Build Order
Export as new Build Order

StillLearnin Protoss - Winner!

Build Orders: Nexus First 

Get SALT Encoding   

  12  0:02  Probe (Chrono Boost)  
  13  0:12  Probe (Chrono Boost)  
  14  0:22  Pylon  
  14  0:25  Probe (Chrono Boost)  
  15  0:40  Probe (Chrono Boost)  
  16  0:51  Probe (Chrono Boost)  
  17  1:03  Nexus  
  17  1:06  Probe (Chrono Boost)  
  18  1:21  Probe (Chrono Boost)  
  19  1:31  Probe (Chrono Boost)  
  20  1:33  Gateway  
  20  1:36  Pylon  
  20  1:42  Probe (Chrono Boost)  
  21  1:52  Probe (Chrono Boost)  
  22  1:55  Assimilator  
  22  1:56  Assimilator  
  22  2:03  Probe (Chrono Boost)  
  22  2:06  Pylon  
  23  2:13  Probe (Chrono Boost)  
  24  2:16  Probe (Chrono Boost)  
  24  2:21  Cybernetics Core  
  25  2:24  Probe (Chrono Boost)  
  25  2:26  Probe (Chrono Boost)  
  27  2:34  Probe (Chrono Boost)  
  27  2:37  Probe (Chrono Boost)  
  29  2:38  Zealot (Chrono Boost)  
  29  2:43  Probe (Chrono Boost)  
  32  2:58  Mothership Core (Chrono Boost)  
  34  2:59  Warp Gate  
  34  3:01  Adept (Chrono Boost)  
  36  3:13  Probe (Chrono Boost)  
  36  3:18  Probe (Chrono Boost)  
  37  3:25  Probe (Chrono Boost)  
  38  3:29  Probe (Chrono Boost)  
  38  3:32  Robotics Facility  
  39  3:37  Probe (Chrono Boost)  
  39  3:39  Probe (Chrono Boost)  
  39  3:40  Adept  
  44  3:49  Probe (Chrono Boost)  
  44  3:50  Probe (Chrono Boost)  
  44  3:51  Assimilator  
  44  3:55  Assimilator  
  45  4:01  Probe x2 (Chrono Boost)  
  45  4:02  Gateway  
  47  4:03  Gateway  
  47  4:06  Gateway  
  47  4:12  Probe (Chrono Boost)  
  47  4:14  Sentry  
  47  4:15  Probe (Chrono Boost)  
  51  4:26  Nexus  
  51  4:28  Observer, Pylon  
  51  4:31  Pylon  
  52  4:34  Probe x2 (Chrono Boost)  
  54  4:50  Probe x2 (Chrono Boost)  
  56  5:04  Probe x2 (Chrono Boost)  
  58  5:09  Immortal  
  62  5:17  Twilight Council  
  62  5:20  Forge  
  62  5:23  Pylon  
  62  5:24  Gateway  
  62  5:26  Probe (Chrono Boost), Pylon  
  62  5:27  Gateway, Probe (Chrono Boost)  
  64  5:28  Pylon  
  64  5:37  Probe x2 (Chrono Boost)  
  64  5:41  Probe (Chrono Boost)  
  67  5:48  Probe x2 (Chrono Boost)  
  69  5:51  Immortal  
  69  5:54  Resonating Glaives  
  69  5:55  Protoss Ground Weapons Level 1  
  73  6:00  Robotics Bay, Probe x2 (Chrono Boost)  
  75  6:12  Robotics Facility  
  75  6:14  Pylon  
  75  6:23  Probe x2 (Chrono Boost)  
  75  6:24  Probe (Chrono Boost), Adept x3  
  75  6:25  Adept  
  86  6:27  Assimilator  
  86  6:29  Assimilator  
  86  6:32  Warp Prism  
  88  6:54  Adept x4  
  88  6:55  Adept x2  
  100  7:02  Gateway  
  100  7:05  Gateway  
  100  7:07  Pylon  
  104  7:08  Immortal  
  104  7:10  Pylon  
  104  7:12  Dark Shrine  
  104  7:14  Probe x2 (Chrono Boost)  
  106  7:19  Sentry x2  
  106  7:20  Sentry  
  106  7:21  Adept x2  
  116  7:26  Disruptor  
  119  7:42  Probe x2 (Chrono Boost)  
  121  7:46  Pylon  
  121  7:47  Disruptor  
  121  7:48  Pylon  
  124  7:52  Pylon  
  124  8:05  Nexus  
  124  8:08  Pylon  
  124  8:11  Pylon x2  
  124  8:17  Disruptor  
  124  8:18  Adept x2  
  124  8:19  Adept x2  
  135  8:23  Disruptor  
  138  8:46  Dark Templar x3  
  140  9:00  Dark Templar x3  
  139  9:17  Observer x2  
  137  9:39  Disruptor x2  
  137  9:45  Nexus  
  128  9:47  Pylon  
  128  9:49  Pylon  
  128  9:51  Pylon  
  128  9:53  Pylon  
  128  9:55  Pylon  
  128  10:02  Protoss Ground Weapons Level 2  
  128  10:04  Blink  
  128  10:06  Stalker  
  128  10:07  Stalker x6  
  132  10:08  Stalker  
  144  10:34  Disruptor x2  
  144  10:38  Zealot x5  
  144  10:39  Zealot x3  
  152  11:09  Disruptor x2  
  146  11:18  Zealot x4  
  150  11:28  Dark Templar x4  
  152  11:53  Adept x3  
  152  11:54  Adept  
  154  12:01  Zealot x4  
  149  12:40  Adept  
  149  12:41  Adept x5  
  149  12:42  Adept x2  
  165  12:45  Assimilator  
  165  12:47  Assimilator  
  165  12:49  Protoss Ground Weapons Level 3  
  165  12:50  Charge  
  158  13:27  Stalker x3  
  158  13:28  Stalker x3  
  158  13:32  Immortal x2  
  174  13:59  Dark Templar x4  
  174  14:00  Dark Templar x4  
  153  14:14  Observer x2  
  147  14:20  Archon x3  
  147  14:21  Archon  
  148  14:35  Observer  
  148  14:36  Observer  
  148  14:37  Robotics Facility  
  149  14:51  Nexus  
  149  15:10  Disruptor x2 (Chrono Boost)  
  155  15:19  Pylon  
  155  15:21  Pylon  
  155  15:23  Pylon  
  155  15:24  Warp Prism (Chrono Boost), Pylon  
  157  15:32  Protoss Ground Armor Level 1  
  157  15:44  Disruptor x2 (Chrono Boost)  
  162  15:50  Adept x4  
  166  16:03  Stalker  
  166  16:04  Stalker x3  
  169  16:26  Disruptor x3 (Chrono Boost)  
  175  16:57  Disruptor (Chrono Boost)  
  172  17:26  Stalker x3  
  172  17:27  Stalker x5  
  185  17:40  Assimilator  
  185  17:43  Assimilator  
  183  18:03  Dark Templar  
  183  18:04  Dark Templar x5  
  183  18:05  Dark Templar  
Tags
 
Add a new tag
Caveats
  • Supply blocks, unpowered buildings, or Contaminate may cause inaccurate times.
  • Supply counts are checked every 10 seconds.